 Dungeon Crawl Stone Soup version 0.18.1-2-ga659475 (webtiles) character file.

108 inmateoo the Changer (level 4, -1/39 HPs)
             Began as a Naga Transmuter on May 9, 2016.
             Slain by an orc (5 damage)
             ... on level 3 of the Dungeon.
             The game lasted 00:03:13 (2884 turns).

inmateoo the Changer (Naga Transmuter)              Turns: 2884, Time: 00:03:14

Health: -1/39      AC:  2    Str: 13    XL:     4   Next: 87%
Magic:  1/7        EV: 10    Int: 16    God:
Gold:   138        SH:  3    Dex: 11    Spells: 3 memorised, 1 level left

rFire  . . .     SeeInvis +     k - +0 dagger (venom)
rCold  . . .     Gourm    .     b - +0 robe
rNeg   . . .     Faith    .     (no shield)
rPois  +         Spirit   .     (no helmet)
rElec  .         Dismiss  .     (no cloak)
rCorr  .         Reflect  +     (no gloves)
SustAt .         Harm     .     (no barding)
MR     .....                    m - +3 amulet of reflection
Stlth  +.........               (no ring)
                                (no ring)

@: very slightly contaminated, very slow, not resistant to hostile enchantments,
very unstealthy
A: see invisible, clever 1, deformed body, poison resistance, slowness 2, slow
metabolism 1, spit poison 2, evolution 1, AC +1
a: Spit Poison


You were on level 3 of the Dungeon.
You were very hungry.

You visited 1 branch of the dungeon, and saw 3 of its levels.

You collected 138 gold pieces.

Inventory:

Hand Weapons
 k - a +0 dagger of venom (weapon)
Missiles
 a - 27 arrows
Armour
 b - a +0 robe (worn)
Jewellery
 m - a +3 amulet of reflection (around neck)
Scrolls
 f - a scroll of recharging {unknown}
 i - a scroll of enchant armour {unknown}
 l - a scroll of enchant weapon {unknown}
Potions
 e - 2 potions of lignification
 g - a potion of heal wounds
 j - 2 potions of flight
 n - a potion of haste {unknown}
Books
 c - a book of Changes

   Spells                             Type                      Level
   a - Beastly Appendage              Transmutation                1
   b - Sticks to Snakes               Transmutation                2
   c - Spider Form                    Transmutation/Poison         3
   d - Ice Form                       Ice/Transmutation            4
   e - Blade Hands                    Transmutation                5
Comestibles
 d - 5 bread rations
 h - 2 beef jerkies


   Skills:
 + Level 1.8 Fighting
 + Level 2.2 Dodging
 + Level 3.4 Unarmed Combat
 + Level 2.3 Spellcasting
 * Level 3.4 Transmutations


You had one spell level left.
You knew the following spells:

 Your Spells              Type           Power        Failure   Level  Hunger
a - Beastly Appendage     Trmt           ##....       6%          1    #......
b - Sticks to Snakes      Trmt           ##......     10%         2    ###....
c - Spider Form           Trmt/Pois      #.........   34%         3    ###....


Dungeon Overview and Level Annotations

Branches:
Dungeon (3/15)

Altars:
Trog

Annotations:
D:3 Kilrog's ghost, amateur FoFi


Innate Abilities, Weirdness & Mutations

You cannot wear boots.
Your serpentine skin is tough (AC +1).
You have supernaturally acute eyesight.
Armour fits poorly on your strangely shaped body.
Your system is resistant to poisons.
You cover ground very slowly.
You have a slow metabolism.
You can spit poison.
Your mind is acute. (Int +2)
You evolve.


Message History

You kill the orc wizard!
You hit the orc.
The orc is poisoned.
The orc is heavily wounded.
The orc hits you.
* * * LOW HITPOINT WARNING * * *
Casting: Sticks to Snakes
Confirm with . or Enter, or press ? or * to list all spells.
You miscast Spider Form.
You are very lightly contaminated with residual magic.
Your skin glows momentarily.
You kill the orc!
Unknown command.
Unknown command.
The orc closely misses you.
Casting: Spider Form
Confirm with . or Enter, or press ? or * to list all spells.
You miscast Spider Form.
Your skin tingles.
You have got your breath back.
The orc hits you.
You die...

.......................##.# #.##
.......###.............##.# #.##
.......#................#.####.##
########....................?....
######................#.####.#.
........................# #.#.
............##.###'###..# #.#.
............##.# #.###..####.#.
......?.....##@###...........#.
............##o#...........###.
............##)#....###..#.# #.
.........o.o'.........<>...#
######......##.####.#########
#.......................#
#.......#.##.##########.#.
............#..............
#######.#.#..#..#########.##


You could see an orc.

Vanquished Creatures
  An orc wizard (D:3)
  An adder (D:3)
  An adder zombie (D:3)
  3 worms
  2 dart slugs
  2 giant geckos
  3 orcs (D:3)
  3 bats
  A giant cockroach (D:1)
  3 goblins
  10 hobgoblins
  6 jackals
  2 kobolds
  A ball python (D:1)
  A giant newt (D:2)
  7 rats
47 creatures vanquished.

Notes
Turn   | Place    | Note
--------------------------------------------------------------
     0 | D:1      | inmateoo the Naga Transmuter began the quest for the Orb.
     0 | D:1      | Reached XP level 1. HP: 18/18 MP: 3/3
   144 | D:1      | Reached XP level 2. HP: 16/25 MP: 3/5
   576 | D:1      | Learned a level 2 spell: Sticks to Snakes
   837 | D:1      | Reached XP level 3. HP: 21/31 MP: 2/6
  1528 | D:2      | Gained mutation: You evolve. [potion of mutation]
  1528 | D:2      | Gained mutation: Your mind is acute. (Int +2) [potion of mutation]
  1566 | D:2      | Learned a level 3 spell: Spider Form
  1713 | D:2      | Found a bloodstained altar of Trog.
  2218 | D:3      | Noticed Kilrog's ghost (amateur FoFi)
  2502 | D:3      | Reached XP level 4. HP: 33/38 MP: 7/7
  2884 | D:3      | Slain by an orc

Skill      XL: |  1  2  3 |
---------------+----------+-----
Transmutations | 3 |  3.4
Dodging        | 2 |  2.2
Fighting       | |  1.8
Unarmed Combat | |  3.4
Spellcasting   | |  2.3

Action                   |  1- 3 |  4- 6 || total
-------------------------+-------+-------++-------
Melee: Unarmed           |    56 |       ||    56
       Headbutt          |     7 |       ||     7
       Dagger            |    66 |    39 ||   105
       Punch             |     1 |     1 ||     2
 Cast: Beastly Appendage |     6 |       ||     6
       Sticks to Snakes  |     1 |       ||     1
 Abil: Spit Poison       |     4 |     3 ||     7
  Use: Scroll            |     8 |       ||     8
       Potion            |     2 |       ||     2
  Eat: Chunk             |     4 |       ||     4
Armor: Robe              |    24 |     3 ||    27
Dodge: Dodged            |    62 |    17 ||    79
Block: Other             |     8 |     3 ||    11
